Sharks vs Ducks

Created - 11 février 2018 at 15:55

Goals
1 2 3 T
Sharks 3 0 1 4
Ducks 0 0 1 1
Shots
1 2 3 T
Sharks 14 10 16 40
Ducks 9 9 5 23

1st period

1. Sharks , Brian Boyle 15 (Daniel Winnik 24, Andrew Ladd 11) at 4:07
2. Sharks , Jared Cowen 12 (Michael Frolik 12, Ray Emery) at 6:18 (PP)
3. Sharks , Michael Frolik 14 (Colton Parayko 16) at 17:11

Penalties :
Dan Girardi (ANA) for Roughing (Minor) at 0:29, Adam Taylor (ANA) for High sticking (Minor) at 4:58, Bryan Allen (ANA) for Boarding (Minor) at 6:31, Andrew Ladd (SJS) for Tripping (Minor) at 12:14, Dan Girardi (ANA) for Interference (Minor) at 16:23, Nathan MacKinnon (SJS) for Interference (Minor) at 16:23

2nd period

No Goal

Penalties :
Ryane Clowe (ANA) for Hooking (Minor) at 4:09, Adam Taylor (ANA) for Hooking (Minor) at 9:59, Bryan Allen (ANA) for Slashing (Minor) at 17:22

3rd period

4. Ducks , Jiri Hudler 15 (Adam Taylor 24, Petteri Wirtanen 18) at 7:38
5. Sharks , Marian Gaborik 18 (Alec Martinez 18) at 8:49

Penalties :
No Penalty

Goalie Stats

Ray Emery (SJS), 22 saves from 23 shots - (0,957), W, 7-6-2, 60:00 minutes
Adam Dennis (ANA), 28 saves from 32 shots - (0,875), L, 7-3-1, 48:49 minutes
Jonathan Boutin (ANA), 8 saves from 8 shots - (1,000), 11:11 minutes

Players Stats for Sharks

Player Name              G  A  P  +/- PIM S  H  SB GA TA FO     MP     PP MP  PK MP  
------------------------------------------------------------------------------------
Alec Martinez            0  1  1   2  0   1  1  0  0  0  0/0    22:32   6:09   1:08 
Andrew Ladd              0  1  1   0  2   5  1  0  0  0  1/2    20:42   5:33   0:00 
Brian Boyle              1  0  1   1  0   2  2  0  0  0  15/28  22:31   5:05   1:17 
Cal Clutterbuck          0  0  0   0  0   2  0  0  0  0  0/0     2:56   0:00   0:00 
Colton Parayko           0  1  1   1  0   1  4  0  0  0  0/0    22:00   0:24   0:00 
Daniel Winnik            0  1  1   0  0   3  0  0  0  0  2/2    20:19   5:33   0:00 
Henrik Zetterberg        0  0  0   0  0   6  0  0  0  0  1/2    13:45   0:52   0:00 
Jakob Silfverberg        0  0  0   0  0   0  2  1  0  0  0/2    12:53   0:00   0:00 
James Neal               0  0  0   1  0   2  2  0  0  0  0/1    14:36   0:24   0:00 
Jared Cowen              1  0  1  -1  0   4  2  0  0  0  0/0    19:51   5:06   0:51 
Jean-Gabriel Pageau      0  0  0   0  0   1  0  0  0  0  5/6     4:14   0:00   0:42 
Keith Ballard            0  0  0  -1  0   0  2  0  0  0  0/0     9:55   0:00   0:00 
Marian Gaborik           1  0  1   1  0   5  0  0  0  0  12/23  22:26   5:18   0:00 
Mark Letestu             0  0  0   0  0   0  0  0  0  0  0/0     0:00   0:00   0:00 
Michael Frolik           1  1  2   2  0   1  0  0  0  0  4/11   21:47   5:18   0:42 
Nathan MacKinnon         0  0  0   0  2   3  3  1  0  0  9/16   19:51   5:42   1:17 
Nikita Nikitin           0  0  0   2  0   3  0  0  0  0  0/0    22:32   6:09   1:08 
Seth Jones               0  0  0   1  0   1  0  0  0  0  0/0    23:10   4:42   0:51 

Players Stats for Ducks

Player Name              G  A  P  +/- PIM S  H  SB GA TA FO     MP     PP MP  PK MP  
------------------------------------------------------------------------------------
Adam Taylor              0  1  1   1  4   2  2  0  0  0  1/2    12:23   1:02   0:00 
Brooks Laich             0  0  0  -3  0   0  0  0  0  0  7/13   13:48   0:00   4:29 
Bryan Allen              0  0  0  -1  4   1  7  1  0  0  0/0    17:56   0:00   3:57 
Charles Linglet          0  0  0   0  0   2  3  0  0  0  0/2    17:29   0:57   4:29 
Christopher Tanev        0  0  0  -1  0   1  2  3  0  0  0/0    22:21   0:57   6:32 
Craig Weller             0  0  0  -2  0   2  3  0  0  0  0/0    16:29   0:57   0:00 
Dan Girardi              0  0  0   0  4   0  4  1  0  0  0/0    21:56   0:00   5:06 
David Moss               0  0  0   0  0   0  1  0  0  0  8/18   18:35   0:00   6:32 
Jared Boll               0  0  0   0  0   1  2  0  0  0  0/1    14:24   0:57   0:00 
Jiri Hudler              1  0  1   1  0   3  0  0  0  0  0/0    18:13   0:00   6:16 
Justin Braun             0  0  0   0  0   2  0  2  0  0  0/0    23:46   1:02   5:37 
Mike Richards            0  0  0   0  0   2  0  2  0  0  8/16   14:29   1:02   0:00 
Nick Spaling             0  0  0  -2  0   1  0  0  0  0  0/0     8:28   0:00   0:00 
Nicklas Bergfors         0  0  0  -2  0   0  0  0  0  0  0/0     7:54   0:00   0:00 
Petteri Wirtanen         0  1  1   1  0   0  1  0  0  0  10/20  12:20   0:57   0:00 
Raphael Diaz             0  0  0   0  0   3  3  0  0  0  0/0    17:28   1:02   1:18 
Ryan Johansen            0  0  0  -1  0   3  1  0  0  0  8/19   14:30   1:02   0:00 
Ryane Clowe              0  0  0   0  2   0  2  0  0  0  2/2    14:10   0:00   0:44 

3 Stars

1 - Michael Frolik (SJS)
2 - Brian Boyle (SJS)
3 - Marian Gaborik (SJS)

Power Play

Sharks - 1 on 6 Attempt(s) - 16,67%
Ducks - 0 on 1 Attempt(s) - 0,00%

Penalty Kill

Sharks - 1 on 1 Attempt(s) - 100,00% - Score 0 goal in Penalty Kill
Ducks - 5 on 6 Attempt(s) - 83,33% - Score 0 goal in Penalty Kill

Team Stat

Sharks - Hits : 19 - Faceoff Wins : 49 - Blocked Shots : 2 - Penalty Minutes : 4
Ducks - Hits : 31 - Faceoff Wins : 44 - Blocked Shots : 9 - Penalty Minutes : 14

Official

Referees : Brian Pochmara and Dan O'Rourke
Linesman : Derek Wahl and John Grandt

Game Notes

Jonathan Boutin enters game at 8:49 of 3rd period

Finance

Level 1 -- Attendance: 5968 (99,47%) -- Ticket Income 656 480 $
Level 2 -- Attendance: 4810 (96,20%) -- Ticket Income 360 750 $
Level 3 -- Attendance: 1617 (80,85%) -- Ticket Income 93 786 $
Level 4 -- Attendance: 4000 (100,00%) -- Ticket Income 120 000 $
Luxury Box -- Attendance: 1000 (100,00%) -- Ticket Income 280 000 $
Game was played at the The Arrowhead Pond of Anaheim.
Total Attendance: 17395 (96,64%)
Total Ticket Income: 1 511 016 $
Other Income: 740 398 $
Total Income: 2 251 414 $

Sharks

5 vs 5 Forward 
   Center                   Left Wing                Right Wing               Time % Phy DF OF 
 1 Marian Gaborik           Michael Frolik           James Neal               40     0   0  5  
 2 Brian Boyle              Andrew Ladd              Daniel Winnik            30     0   0  5  
 3 Nathan MacKinnon         Henrik Zetterberg        Jakob Silfverberg        20     0   1  4  
 4 Jean-Gabriel Pageau      Marian Gaborik           Cal Clutterbuck          10     1   2  2  

5 vs 5 Defense 
   Defense                  Defense                                           Time % Phy DF OF 
 1 Colton Parayko           Seth Jones                                        40     0   1  4  
 2 Nikita Nikitin           Alec Martinez                                     30     1   2  2  
 3 Colton Parayko           Jared Cowen                                       20     1   2  2  
 4 Jared Cowen              Keith Ballard                                     10     1   2  2  

PowerPlay Forward 
   Center                   Left Wing                Right Wing               Time % Phy DF OF 
 1 Michael Frolik           Nathan MacKinnon         Marian Gaborik           60     1   2  2  
 2 Brian Boyle              Andrew Ladd              Daniel Winnik            40     1   2  2  

PowerPlay Defense
   Defense                  Defense                                           Time % Phy DF OF 
 1 Jared Cowen              Seth Jones                                        60     1   2  2  
 2 Nikita Nikitin           Alec Martinez                                     40     1   2  2  

Penalty Kill 4 Players Forward 
   Center                   Wing                     Time % Phy DF OF 
 1 Brian Boyle              Nathan MacKinnon         60     1   2  2  
 2 Michael Frolik           Andrew Ladd              40     1   2  2  

Penalty Kill 4 Players Defense
   Defense                  Defense                  Time % Phy DF OF 
 1 Jared Cowen              Seth Jones               60     1   2  2  
 2 Nikita Nikitin           Alec Martinez            40     1   2  2  

Penalty Kill - 3 Players Forward 
   Forward                                           Time % Phy DF OF 
 1 Brian Boyle                                       60     1   2  2  
 2 Andrew Ladd                                       40     1   2  2  

Penalty Kill - 3 Players Defense
   Defense                  Defense                  Time % Phy DF OF 
 1 Jared Cowen              Seth Jones               60     1   2  2  
 2 Nikita Nikitin           Alec Martinez            40     1   2  2  

4 vs 4 Forward 
   Center                   Wing                     Time % Phy DF OF 
 1 Michael Frolik           Brian Boyle              60     1   2  2  
 2 Nathan MacKinnon         Andrew Ladd              40     1   2  2  

4 vs 4 Defense
   Defense                  Defense                  Time % Phy DF OF 
 1 Colton Parayko           Seth Jones               60     1   2  2  
 2 Nikita Nikitin           Alec Martinez            40     1   2  2  

Last Minutes Offensive
   Center                   Left Wing                Right Wing               Defense                  Defense                  
   Marian Gaborik           Andrew Ladd              James Neal               Nikita Nikitin           Seth Jones               

Last Minutes Defensive
   Center                   Left Wing                Right Wing               Defense                  Defense                  
   Marian Gaborik           Andrew Ladd              James Neal               Nikita Nikitin           Seth Jones               

Goaltenders
Starting : Ray Emery                
Backup : Jordan Sigalet           

Extra Forwards
Normal : Nathan MacKinnon, Michael Frolik, Jean-Gabriel Pageau - PP : Nathan MacKinnon, Michael Frolik - PK : Jean-Gabriel Pageau
Extra Defensemen
Normal : Colton Parayko, Jared Cowen, Seth Jones - PP : Colton Parayko - PK : Jared Cowen, Seth Jones
Penalty Shots
Jean-Gabriel Pageau, Marian Gaborik, Nathan MacKinnon, Andrew Ladd, Brian Boyle
Custom OT Lines Forwards
Marian Gaborik, Henrik Zetterberg, James Neal, Andrew Ladd, Brian Boyle, Daniel Winnik, Nathan MacKinnon, Michael Frolik, Jean-Gabriel Pageau, Jakob Silfverberg
Custom OT Lines Defensemen
Jared Cowen, Seth Jones, Nikita Nikitin, Alec Martinez, Colton Parayko

Scratches
Oscar Lindberg (Healthy), Rob Scuderi (Exhaustion), Ole-Kristian Tollefson (Healthy), Martin Jones (Exhaustion)

Ducks

5 vs 5 Forward 
   Center                   Left Wing                Right Wing               Time % Phy DF OF 
 1 Mike Richards            Ryane Clowe              Jared Boll               29     1   2  2  
 2 Ryan Johansen            Charles Linglet          David Moss               26     1   2  2  
 3 Petteri Wirtanen         Jiri Hudler              Adam Taylor              25     0   3  2  
 4 Brooks Laich             Nick Spaling             Nicklas Bergfors         20     0   4  1  

5 vs 5 Defense 
   Defense                  Defense                                           Time % Phy DF OF 
 1 Justin Braun             Dan Girardi                                       34     1   3  1  
 2 Craig Weller             Bryan Allen                                       33     1   3  1  
 3 Christopher Tanev        Raphael Diaz                                      33     0   3  2  
 4 Dan Girardi              Christopher Tanev                                 0      0   5  0  

PowerPlay Forward 
   Center                   Left Wing                Right Wing               Time % Phy DF OF 
 1 Mike Richards            Ryan Johansen            Adam Taylor              60     0   0  5  
 2 Petteri Wirtanen         Charles Linglet          Jared Boll               40     0   0  5  

PowerPlay Defense
   Defense                  Defense                                           Time % Phy DF OF 
 1 Justin Braun             Raphael Diaz                                      60     0   0  5  
 2 Craig Weller             Christopher Tanev                                 40     0   0  5  

Penalty Kill 4 Players Forward 
   Center                   Wing                     Time % Phy DF OF 
 1 David Moss               Jiri Hudler              60     0   5  0  
 2 Charles Linglet          Brooks Laich             40     0   5  0  

Penalty Kill 4 Players Defense
   Defense                  Defense                  Time % Phy DF OF 
 1 Dan Girardi              Justin Braun             60     0   5  0  
 2 Christopher Tanev        Bryan Allen              40     0   5  0  

Penalty Kill - 3 Players Forward 
   Forward                                           Time % Phy DF OF 
 1 David Moss                                        55     0   5  0  
 2 Jiri Hudler                                       45     0   5  0  

Penalty Kill - 3 Players Defense
   Defense                  Defense                  Time % Phy DF OF 
 1 Dan Girardi              Justin Braun             55     0   5  0  
 2 Bryan Allen              Christopher Tanev        45     0   5  0  

4 vs 4 Forward 
   Center                   Wing                     Time % Phy DF OF 
 1 Ryan Johansen            Brooks Laich             60     0   3  2  
 2 Jiri Hudler              Nick Spaling             40     0   3  2  

4 vs 4 Defense
   Defense                  Defense                  Time % Phy DF OF 
 1 Raphael Diaz             Justin Braun             60     0   4  1  
 2 Craig Weller             Dan Girardi              40     0   4  1  

Last Minutes Offensive
   Center                   Left Wing                Right Wing               Defense                  Defense                  
   Mike Richards            Adam Taylor              Ryan Johansen            Raphael Diaz             Justin Braun             

Last Minutes Defensive
   Center                   Left Wing                Right Wing               Defense                  Defense                  
   Jiri Hudler              Mike Richards            Brooks Laich             Dan Girardi              Christopher Tanev        

Goaltenders
Starting : Adam Dennis              
Backup : Jonathan Boutin          

Extra Forwards
Normal : Adam Taylor, Ryan Johansen, Ryane Clowe - PP : Ryan Johansen, Ryane Clowe - PK : Ryane Clowe
Extra Defensemen
Normal : Justin Braun, Raphael Diaz, Dan Girardi - PP : Justin Braun - PK : Dan Girardi, Justin Braun
Penalty Shots
Mike Richards, Jared Boll, Ryan Johansen, Adam Taylor, Jiri Hudler
Custom OT Lines Forwards
Ryan Johansen, Nick Spaling, Mike Richards, Adam Taylor, Craig Weller, David Moss, Petteri Wirtanen, Jiri Hudler, Brooks Laich, Charles Linglet
Custom OT Lines Defensemen
Justin Braun, Christopher Tanev, Raphael Diaz, Dan Girardi, Bryan Allen

Scratches
Alexandre R. Picard (Healthy), Bill Thomas (Healthy)

% Time on Ice - Sharks

Lines # - Real PCT - Wanted PCT - Time Play
Normal Forward
1 - 32% - 40% - 14:12
2 - 33% - 30% - 14:46
3 - 29% - 20% - 12:53
4 - 7% - 10% - 2:56
Normal Defense
1 - 38% - 40% - 16:53
2 - 31% - 30% - 14:00
3 - 9% - 20% - 4:04
4 - 22% - 10% - 9:50
PP Forward
1 - 51% - 60% - 5:42
2 - 49% - 40% - 5:33
PP Defense
1 - 45% - 60% - 5:06
2 - 55% - 40% - 6:09
PK Forward
1 - 71% - 60% - 1:25
2 - 29% - 40% - 0:34
PK Defense
1 - 43% - 60% - 0:51
2 - 57% - 40% - 1:08
PK3 Forward
1 - 0% - 60%
2 - 0% - 40%
PK3 Defense
1 - 0% - 60%
2 - 0% - 40%
44 Forward
1 - 80% - 60% - 1:35
2 - 20% - 40% - 0:24
44 Defense
1 - 37% - 60% - 0:44
2 - 63% - 40% - 1:15
Last Minute Offensive  - 0:00
Last Minute Defensive  - 0:00
Total
Forward - 60:00
Defense - 60:00

% Time on Ice - Ducks

Lines # - Real PCT - Wanted PCT - Time Play
Normal Forward
1 - 30% - 29% - 13:27
2 - 27% - 26% - 12:03
3 - 25% - 25% - 11:23
4 - 18% - 20% - 7:54
Normal Defense
1 - 36% - 34% - 16:02
2 - 31% - 33% - 14:01
3 - 31% - 33% - 13:54
4 - 2% - 0% - 0:50
PP Forward
1 - 52% - 60% - 1:02
2 - 48% - 40% - 0:57
PP Defense
1 - 52% - 60% - 1:02
2 - 48% - 40% - 0:57
PK Forward
1 - 60% - 60% - 6:46
2 - 40% - 40% - 4:29
PK Defense
1 - 46% - 60% - 5:08
2 - 54% - 40% - 6:07
PK3 Forward
1 - 0% - 55%
2 - 0% - 45%
PK3 Defense
1 - 0% - 55%
2 - 0% - 45%
44 Forward
1 - 71% - 60% - 1:25
2 - 29% - 40% - 0:34
44 Defense
1 - 24% - 60% - 0:28
2 - 76% - 40% - 1:31
Last Minute Offensive  - 0:00
Last Minute Defensive  - 0:00
Total
Forward - 60:00
Defense - 60:00

Play by Play

1st period


0:01 of 1st period - Mike Richards wins face-off versus Marian Gaborik in neutral zone.
0:29 of 1st period - Minor Penalty to Dan Girardi for Roughing.
0:30 of 1st period - Brian Boyle wins face-off versus David Moss in Ducks zone.
0:31 of 1st period - Shot by Nikita Nikitin.
0:31 of 1st period - Stopped by Adam Dennis without a rebound.
0:32 of 1st period - Brian Boyle wins face-off versus David Moss in Ducks zone.
1:48 of 1st period - Shot by Nathan MacKinnon.
1:48 of 1st period - Shot Misses the Net.
1:59 of 1st period - Off-side.
2:00 of 1st period - Andrew Ladd wins face-off versus David Moss in neutral zone.
2:32 of 1st period - Andrew Ladd is hit by Bryan Allen and loses puck.
2:47 of 1st period - Bryan Allen is hit by Nathan MacKinnon and loses puck.
2:58 of 1st period - Shot by Jared Boll.
2:58 of 1st period - Shot Misses the Net.
3:00 of 1st period - Shot by Bryan Allen.
3:00 of 1st period - Stopped by Ray Emery without a rebound.
3:01 of 1st period - Brooks Laich wins face-off versus Marian Gaborik in Sharks zone.
3:01 of 1st period - Nick Spaling is hit by Jared Cowen and loses puck.
3:19 of 1st period - Shot by Marian Gaborik.
3:19 of 1st period - Shot Blocked by Christopher Tanev.
4:07 of 1st period - Shot by Brian Boyle.
4:07 of 1st period - Goal by Brian Boyle - Sharks : 1 - Ducks : 0.
4:08 of 1st period - Ryan Johansen wins face-off versus Nathan MacKinnon in neutral zone.
4:13 of 1st period - Justin Braun is hit by Jakob Silfverberg and loses puck.
4:54 of 1st period - Icing by Colton Parayko.
4:55 of 1st period - Nathan MacKinnon wins face-off versus Petteri Wirtanen in Sharks zone.
4:55 of 1st period - Nathan MacKinnon is hit by Adam Taylor.
4:58 of 1st period - Minor Penalty to Adam Taylor for High sticking.
4:59 of 1st period - David Moss wins face-off versus Brian Boyle in Ducks zone.
5:10 of 1st period - Shot by Brian Boyle.
5:10 of 1st period - Shot Misses the Net.
5:54 of 1st period - Icing by Daniel Winnik.
5:55 of 1st period - Brian Boyle wins face-off versus David Moss in Sharks zone.
6:18 of 1st period - Shot by Jared Cowen.
6:18 of 1st period - Goal by Jared Cowen - Sharks : 2 - Ducks : 0.
6:19 of 1st period - Ryane Clowe wins face-off versus Jean-Gabriel Pageau in neutral zone.
6:31 of 1st period - Minor Penalty to Bryan Allen for Boarding.
6:32 of 1st period - Nathan MacKinnon wins face-off versus David Moss in Ducks zone.
6:33 of 1st period - Shot by Marian Gaborik.
6:33 of 1st period - Shot Misses the Net.
6:35 of 1st period - Shot by Jared Cowen.
6:35 of 1st period - Shot Misses the Net.
6:44 of 1st period - Michael Frolik is hit by Dan Girardi and loses puck.
7:03 of 1st period - Shot by Jared Cowen.
7:03 of 1st period - Stopped by Adam Dennis without a rebound.
7:04 of 1st period - Daniel Winnik wins face-off versus Charles Linglet in Ducks zone.
7:25 of 1st period - Shot by Nikita Nikitin.
7:25 of 1st period - Stopped by Adam Dennis without a rebound.
7:26 of 1st period - David Moss wins face-off versus Nathan MacKinnon in Ducks zone.
7:43 of 1st period - Shot by Marian Gaborik.
7:43 of 1st period - Stopped by Adam Dennis without a rebound.
7:44 of 1st period - David Moss wins face-off versus Brian Boyle in Ducks zone.
8:46 of 1st period - Icing by Colton Parayko.
8:47 of 1st period - Brooks Laich wins face-off versus Marian Gaborik in Sharks zone.
8:52 of 1st period - Shot by Nick Spaling.
8:52 of 1st period - Stopped by Ray Emery without a rebound.
8:53 of 1st period - Mike Richards wins face-off versus Henrik Zetterberg in Sharks zone.
8:56 of 1st period - Shot by Ryane Clowe.
8:56 of 1st period - Shot Blocked by Nathan MacKinnon.
8:58 of 1st period - Shot by Mike Richards.
8:58 of 1st period - Stopped by Ray Emery without a rebound.
8:59 of 1st period - Marian Gaborik wins face-off versus Charles Linglet in Sharks zone.
9:23 of 1st period - Shot by Ryan Johansen.
9:23 of 1st period - Shot Misses the Net.
9:31 of 1st period - Shot by James Neal.
9:31 of 1st period - Stopped by Adam Dennis with a rebound.
9:33 of 1st period - Shot by Seth Jones.
9:33 of 1st period - Stopped by Adam Dennis with a rebound.
9:37 of 1st period - Shot by Marian Gaborik.
9:37 of 1st period - Shot Blocked by Christopher Tanev.
10:17 of 1st period - Shot by Jiri Hudler.
10:17 of 1st period - Stopped by Ray Emery without a rebound.
10:18 of 1st period - Nathan MacKinnon wins face-off versus Mike Richards in Sharks zone.
11:25 of 1st period - Shot by Brian Boyle.
11:25 of 1st period - Stopped by Adam Dennis without a rebound.
11:26 of 1st period - Marian Gaborik wins face-off versus Brooks Laich in Ducks zone.
12:14 of 1st period - Minor Penalty to Andrew Ladd for Tripping.
12:15 of 1st period - Brian Boyle wins face-off versus Mike Richards in Sharks zone.
12:32 of 1st period - Shot by Mike Richards.
12:32 of 1st period - Shot Hit the Post.
12:51 of 1st period - Adam Taylor is hit by Jared Cowen and loses puck.
13:40 of 1st period - Shot by Charles Linglet.
13:40 of 1st period - Stopped by Ray Emery without a rebound.
13:41 of 1st period - Brian Boyle wins face-off versus Petteri Wirtanen in Sharks zone.
13:54 of 1st period - Shot by Craig Weller.
13:54 of 1st period - Stopped by Ray Emery without a rebound.
13:55 of 1st period - Michael Frolik wins face-off versus Petteri Wirtanen in Sharks zone.
14:28 of 1st period - Shot by Nick Spaling.
14:28 of 1st period - Shot Misses the Net.
14:46 of 1st period - Shot by Cal Clutterbuck.
14:46 of 1st period - Shot Misses the Net.
14:48 of 1st period - Shot by Colton Parayko.
14:48 of 1st period - Stopped by Adam Dennis without a rebound.
14:49 of 1st period - Petteri Wirtanen wins face-off versus Brian Boyle in Ducks zone.
14:49 of 1st period - Petteri Wirtanen is hit by Brian Boyle.
15:44 of 1st period - Shot by Charles Linglet.
15:44 of 1st period - Shot Misses the Net.
15:47 of 1st period - Icing by Jakob Silfverberg.
15:48 of 1st period - Nathan MacKinnon wins face-off versus Jared Boll in Sharks zone.
15:48 of 1st period - Nathan MacKinnon is hit by Ryane Clowe.
16:10 of 1st period - Shot by Justin Braun.
16:10 of 1st period - Shot Blocked by Jakob Silfverberg.
16:23 of 1st period - Minor Penalty to Dan Girardi for Interference.
16:23 of 1st period - Minor Penalty to Nathan MacKinnon for Interference.
16:24 of 1st period - Ryan Johansen wins face-off versus Michael Frolik in Ducks zone.
16:33 of 1st period - Shot by Ryan Johansen.
16:33 of 1st period - Shot Misses the Net.
16:51 of 1st period - Shot by Justin Braun.
16:51 of 1st period - Stopped by Ray Emery without a rebound.
16:52 of 1st period - Ryan Johansen wins face-off versus Michael Frolik in Sharks zone.
16:52 of 1st period - Brooks Laich is hit by Colton Parayko and loses puck.
17:01 of 1st period - Shot by Ryan Johansen.
17:01 of 1st period - Deflect By Brooks Laich.
17:01 of 1st period - Shot Misses the Net.
17:03 of 1st period - Shot by Craig Weller.
17:03 of 1st period - Stopped by Ray Emery without a rebound.
17:04 of 1st period - Michael Frolik wins face-off versus Ryan Johansen in Sharks zone.
17:11 of 1st period - Shot by Michael Frolik.
17:11 of 1st period - Goal by Michael Frolik - Sharks : 3 - Ducks : 0.
17:12 of 1st period - Michael Frolik wins face-off versus Ryan Johansen in neutral zone.
18:17 of 1st period - Shot by Nick Spaling.
18:17 of 1st period - Shot Misses the Net.
18:47 of 1st period - Shot by Mike Richards.
18:47 of 1st period - Stopped by Ray Emery with a rebound.
18:55 of 1st period - Shot by Nathan MacKinnon.
18:55 of 1st period - Stopped by Adam Dennis without a rebound.
18:56 of 1st period - Jean-Gabriel Pageau wins face-off versus Ryan Johansen in Ducks zone.
18:56 of 1st period - Jean-Gabriel Pageau is hit by Dan Girardi.
18:58 of 1st period - Shot by Marian Gaborik.
18:58 of 1st period - Shot Blocked by Justin Braun.
19:00 of 1st period - Shot by Colton Parayko.
19:00 of 1st period - Shot Misses the Net.
19:02 of 1st period - Shot by Marian Gaborik.
19:02 of 1st period - Stopped by Adam Dennis without a rebound.
19:03 of 1st period - Jean-Gabriel Pageau wins face-off versus Petteri Wirtanen in Ducks zone.
19:13 of 1st period - Icing by Colton Parayko.
19:14 of 1st period - Jean-Gabriel Pageau wins face-off versus Ryan Johansen in Sharks zone.
19:14 of 1st period - Jean-Gabriel Pageau is hit by Ryan Johansen.
19:17 of 1st period - Colton Parayko is hit by Charles Linglet.
19:25 of 1st period - Shot by Cal Clutterbuck.
19:25 of 1st period - Stopped by Adam Dennis without a rebound.
19:26 of 1st period - Petteri Wirtanen wins face-off versus Nathan MacKinnon in Ducks zone.
19:36 of 1st period - Icing by Raphael Diaz.
19:37 of 1st period - Marian Gaborik wins face-off versus Adam Taylor in Ducks zone.
Goals for this period are 3 for Sharks vs 0 for Ducks.
Shots for this period are 14 for Sharks vs 9 for Ducks.

2nd period


0:01 of 2nd period - Marian Gaborik wins face-off versus Ryan Johansen in neutral zone.
0:01 of 2nd period - Marian Gaborik is hit by David Moss.
0:13 of 2nd period - Shot by Ryan Johansen.
0:13 of 2nd period - Shot Misses the Net.
0:19 of 2nd period - Shot by Charles Linglet.
0:19 of 2nd period - Stopped by Ray Emery without a rebound.
0:20 of 2nd period - Brian Boyle wins face-off versus Petteri Wirtanen in Sharks zone.
0:20 of 2nd period - Brian Boyle is hit by Petteri Wirtanen.
0:41 of 2nd period - Icing by Seth Jones.
0:42 of 2nd period - Brian Boyle wins face-off versus Ryan Johansen in Sharks zone.
0:49 of 2nd period - Charles Linglet is hit by Andrew Ladd and loses puck.
1:09 of 2nd period - Icing by Bryan Allen.
1:10 of 2nd period - Marian Gaborik wins face-off versus Ryan Johansen in Ducks zone.
1:23 of 2nd period - David Moss is hit by Alec Martinez.
1:27 of 2nd period - Shot by Ryan Johansen.
1:27 of 2nd period - Stopped by Ray Emery without a rebound.
1:28 of 2nd period - Petteri Wirtanen wins face-off versus Nathan MacKinnon in Sharks zone.
1:35 of 2nd period - Shot by Petteri Wirtanen.
1:35 of 2nd period - Shot Misses the Net.
1:49 of 2nd period - Shot by Adam Taylor.
1:49 of 2nd period - Stopped by Ray Emery without a rebound.
1:50 of 2nd period - Mike Richards wins face-off versus Marian Gaborik in Sharks zone.
1:51 of 2nd period - Shot by Jared Boll.
1:51 of 2nd period - Stopped by Ray Emery with a rebound.
1:53 of 2nd period - Shot by Christopher Tanev.
1:53 of 2nd period - Stopped by Ray Emery without a rebound.
1:54 of 2nd period - Mike Richards wins face-off versus Marian Gaborik in Sharks zone.
1:55 of 2nd period - Shot by Ryane Clowe.
1:55 of 2nd period - Shot Misses the Net.
2:11 of 2nd period - Shot by Marian Gaborik.
2:11 of 2nd period - Shot Misses the Net.
2:23 of 2nd period - Shot by Marian Gaborik.
2:23 of 2nd period - Shot Blocked by Mike Richards.
2:35 of 2nd period - Shot by Michael Frolik.
2:35 of 2nd period - Deflect By Marian Gaborik.
2:35 of 2nd period - Stopped by Adam Dennis without a rebound.
2:36 of 2nd period - Petteri Wirtanen wins face-off versus Brian Boyle in Ducks zone.
2:40 of 2nd period - Icing by Jiri Hudler.
2:41 of 2nd period - Brian Boyle wins face-off versus Petteri Wirtanen in Ducks zone.
2:43 of 2nd period - Daniel Winnik is hit by Bryan Allen and loses puck.
2:51 of 2nd period - Petteri Wirtanen is hit by Brian Boyle and loses puck.
3:38 of 2nd period - Shot by Ryan Johansen.
3:38 of 2nd period - Shot Misses the Net.
4:00 of 2nd period - Shot by David Moss.
4:00 of 2nd period - Shot Misses the Net.
4:02 of 2nd period - Shot by Justin Braun.
4:02 of 2nd period - Stopped by Ray Emery without a rebound.
4:03 of 2nd period - Mike Richards wins face-off versus Marian Gaborik in Sharks zone.
4:09 of 2nd period - Minor Penalty to Ryane Clowe for Hooking.
4:10 of 2nd period - David Moss wins face-off versus Michael Frolik in Ducks zone.
4:31 of 2nd period - Shot by Nikita Nikitin.
4:31 of 2nd period - Stopped by Adam Dennis without a rebound.
4:32 of 2nd period - David Moss wins face-off versus Michael Frolik in Ducks zone.
5:22 of 2nd period - Icing by Jared Cowen.
5:23 of 2nd period - Brian Boyle wins face-off versus David Moss in Sharks zone.
5:25 of 2nd period - Icing by Daniel Winnik.
5:26 of 2nd period - Daniel Winnik wins face-off versus David Moss in Sharks zone.
6:10 of 2nd period - Icing by Bryan Allen.
6:11 of 2nd period - Nathan MacKinnon wins face-off versus Mike Richards in Ducks zone.
6:14 of 2nd period - Shot by Jakob Silfverberg.
6:14 of 2nd period - Deflect By Henrik Zetterberg.
6:14 of 2nd period - Shot Blocked by Justin Braun.
6:35 of 2nd period - Jakob Silfverberg is hit by Dan Girardi and loses puck.
7:02 of 2nd period - Dan Girardi is hit by Nathan MacKinnon and loses puck.
7:49 of 2nd period - Shot by Petteri Wirtanen.
7:49 of 2nd period - Shot Misses the Net.
7:51 of 2nd period - Shot by Raphael Diaz.
7:51 of 2nd period - Stopped by Ray Emery without a rebound.
7:52 of 2nd period - Ryan Johansen wins face-off versus Andrew Ladd in Sharks zone.
8:07 of 2nd period - Shot by Ryan Johansen.
8:07 of 2nd period - Shot Misses the Net.
8:09 of 2nd period - Shot by Ryan Johansen.
8:09 of 2nd period - Shot Misses the Net.
8:11 of 2nd period - Shot by Ryan Johansen.
8:11 of 2nd period - Stopped by Ray Emery without a rebound.
8:12 of 2nd period - Jean-Gabriel Pageau wins face-off versus Brooks Laich in Sharks zone.
8:37 of 2nd period - Shot by Alec Martinez.
8:37 of 2nd period - Shot Misses the Net.
8:45 of 2nd period - Shot by Cal Clutterbuck.
8:45 of 2nd period - Stopped by Adam Dennis without a rebound.
8:46 of 2nd period - Ryan Johansen wins face-off versus Brian Boyle in Ducks zone.
9:12 of 2nd period - Icing by Jared Cowen.
9:13 of 2nd period - Petteri Wirtanen wins face-off versus Brian Boyle in Sharks zone.
9:59 of 2nd period - Minor Penalty to Adam Taylor for Hooking.
10:00 of 2nd period - Michael Frolik wins face-off versus David Moss in Ducks zone.
10:14 of 2nd period - Off-side.
10:15 of 2nd period - David Moss wins face-off versus Michael Frolik in neutral zone.
11:17 of 2nd period - Shot by Andrew Ladd.
11:17 of 2nd period - Stopped by Adam Dennis without a rebound.
11:18 of 2nd period - Brian Boyle wins face-off versus David Moss in Ducks zone.
11:27 of 2nd period - Shot by Jared Cowen.
11:27 of 2nd period - Stopped by Adam Dennis without a rebound.
11:28 of 2nd period - Nathan MacKinnon wins face-off versus Brooks Laich in Ducks zone.
11:31 of 2nd period - Shot by Seth Jones.
11:31 of 2nd period - Shot Misses the Net.
11:43 of 2nd period - Marian Gaborik is hit by Ryane Clowe.
12:12 of 2nd period - Shot by Andrew Ladd.
12:12 of 2nd period - Stopped by Adam Dennis with a rebound.
12:14 of 2nd period - Shot by Andrew Ladd.
12:14 of 2nd period - Stopped by Adam Dennis without a rebound.
12:15 of 2nd period - Nathan MacKinnon wins face-off versus Mike Richards in Ducks zone.
12:15 of 2nd period - Jakob Silfverberg is hit by Jared Boll.
12:22 of 2nd period - Henrik Zetterberg is hit by Raphael Diaz and loses puck.
12:29 of 2nd period - Henrik Zetterberg is hit by Jared Boll and loses puck.
12:50 of 2nd period - Shot by Jared Boll.
12:50 of 2nd period - Deflect By Ryane Clowe.
12:50 of 2nd period - Shot Misses the Net.
12:52 of 2nd period - Shot by Raphael Diaz.
12:52 of 2nd period - Stopped by Ray Emery without a rebound.
12:53 of 2nd period - Ryan Johansen wins face-off versus Brian Boyle in Sharks zone.
13:34 of 2nd period - Shot by Andrew Ladd.
13:34 of 2nd period - Shot Misses the Net.
13:43 of 2nd period - Icing by Craig Weller.
13:44 of 2nd period - Ryan Johansen wins face-off versus Marian Gaborik in Ducks zone.
13:44 of 2nd period - Ryan Johansen is hit by James Neal.
14:06 of 2nd period - Shot by Marian Gaborik.
14:06 of 2nd period - Shot Blocked by Bryan Allen.
14:08 of 2nd period - Shot by Alec Martinez.
14:08 of 2nd period - Shot Misses the Net.
14:56 of 2nd period - Shot by Henrik Zetterberg.
14:56 of 2nd period - Stopped by Adam Dennis without a rebound.
14:57 of 2nd period - Brian Boyle wins face-off versus Petteri Wirtanen in Ducks zone.
14:57 of 2nd period - Brian Boyle is hit by Dan Girardi.
16:21 of 2nd period - Jared Boll is hit by Colton Parayko and loses puck.
16:27 of 2nd period - Jared Boll is hit by Colton Parayko and loses puck.
17:08 of 2nd period - Shot by James Neal.
17:08 of 2nd period - Shot Misses the Net.
17:15 of 2nd period - Off-side.
17:16 of 2nd period - Nathan MacKinnon wins face-off versus Petteri Wirtanen in neutral zone.
17:22 of 2nd period - Minor Penalty to Bryan Allen for Slashing.
17:23 of 2nd period - David Moss wins face-off versus Michael Frolik in Ducks zone.
18:42 of 2nd period - Shot by Henrik Zetterberg.
18:42 of 2nd period - Shot Misses the Net.
18:44 of 2nd period - Shot by Jared Cowen.
18:44 of 2nd period - Stopped by Adam Dennis without a rebound.
18:45 of 2nd period - Henrik Zetterberg wins face-off versus David Moss in Ducks zone.
19:08 of 2nd period - Shot by Henrik Zetterberg.
19:08 of 2nd period - Stopped by Adam Dennis without a rebound.
19:09 of 2nd period - David Moss wins face-off versus Brian Boyle in Ducks zone.
19:23 of 2nd period - Brian Boyle is hit by Craig Weller and loses puck.
19:35 of 2nd period - Jean-Gabriel Pageau is hit by Bryan Allen and loses puck.
Goals for this period are 0 for Sharks vs 0 for Ducks.
Shots for this period are 10 for Sharks vs 9 for Ducks.

3rd period


0:01 of 3rd period - Marian Gaborik wins face-off versus Petteri Wirtanen in neutral zone.
0:34 of 3rd period - Icing by Christopher Tanev.
0:35 of 3rd period - Petteri Wirtanen wins face-off versus Brian Boyle in Ducks zone.
0:52 of 3rd period - Shot by Andrew Ladd.
0:52 of 3rd period - Stopped by Adam Dennis without a rebound.
0:53 of 3rd period - Brooks Laich wins face-off versus Jakob Silfverberg in Ducks zone.
0:53 of 3rd period - Brooks Laich is hit by Keith Ballard.
1:16 of 3rd period - Shot by Henrik Zetterberg.
1:16 of 3rd period - Stopped by Adam Dennis with a rebound.
1:18 of 3rd period - Shot by Henrik Zetterberg.
1:18 of 3rd period - Deflect By Nathan MacKinnon.
1:18 of 3rd period - Shot Misses the Net.
2:00 of 3rd period - David Moss is hit by Keith Ballard and loses puck.
2:21 of 3rd period - Shot by Ryan Johansen.
2:21 of 3rd period - Shot Hit the Post.
2:26 of 3rd period - Jakob Silfverberg is hit by Charles Linglet and loses puck.
2:46 of 3rd period - Marian Gaborik is hit by Craig Weller and loses puck.
2:49 of 3rd period - Shot by Seth Jones.
2:49 of 3rd period - Deflect By James Neal.
2:49 of 3rd period - Stopped by Adam Dennis without a rebound.
2:50 of 3rd period - Mike Richards wins face-off versus Brian Boyle in Ducks zone.
3:06 of 3rd period - Andrew Ladd is hit by Raphael Diaz and loses puck.
3:21 of 3rd period - Shot by Daniel Winnik.
3:21 of 3rd period - Stopped by Adam Dennis without a rebound.
3:22 of 3rd period - Petteri Wirtanen wins face-off versus Marian Gaborik in Ducks zone.
3:29 of 3rd period - James Neal is hit by Adam Taylor and loses puck.
3:51 of 3rd period - Off-side.
3:52 of 3rd period - Brooks Laich wins face-off versus Brian Boyle in neutral zone.
4:07 of 3rd period - Shot by Nick Spaling.
4:07 of 3rd period - Shot Misses the Net.
4:09 of 3rd period - Shot by Raphael Diaz.
4:09 of 3rd period - Stopped by Ray Emery without a rebound.
4:10 of 3rd period - Jean-Gabriel Pageau wins face-off versus Mike Richards in Sharks zone.
4:31 of 3rd period - Shot by Marian Gaborik.
4:31 of 3rd period - Shot Misses the Net.
4:33 of 3rd period - Shot by Marian Gaborik.
4:33 of 3rd period - Deflect By Cal Clutterbuck.
4:33 of 3rd period - Shot Misses the Net.
4:35 of 3rd period - Shot by Jean-Gabriel Pageau.
4:35 of 3rd period - Stopped by Adam Dennis without a rebound.
4:36 of 3rd period - Brian Boyle wins face-off versus Petteri Wirtanen in Ducks zone.
4:43 of 3rd period - Shot by Daniel Winnik.
4:43 of 3rd period - Stopped by Adam Dennis without a rebound.
4:44 of 3rd period - Brian Boyle wins face-off versus Ryan Johansen in Ducks zone.
4:48 of 3rd period - Daniel Winnik is hit by Christopher Tanev and loses puck.
4:57 of 3rd period - Shot by Christopher Tanev.
4:57 of 3rd period - Shot Misses the Net.
5:08 of 3rd period - Icing by Raphael Diaz.
5:09 of 3rd period - Marian Gaborik wins face-off versus Ryan Johansen in Ducks zone.
5:09 of 3rd period - Michael Frolik is hit by Christopher Tanev and loses puck.
5:13 of 3rd period - Michael Frolik is hit by Raphael Diaz.
5:19 of 3rd period - Shot by Marian Gaborik.
5:19 of 3rd period - Stopped by Adam Dennis without a rebound.
5:20 of 3rd period - Mike Richards wins face-off versus Nathan MacKinnon in Ducks zone.
5:25 of 3rd period - Mike Richards is hit by Jakob Silfverberg and loses puck.
6:32 of 3rd period - Icing by Mike Richards.
6:33 of 3rd period - Ryane Clowe wins face-off versus Marian Gaborik in Ducks zone.
6:50 of 3rd period - Icing by Dan Girardi.
6:51 of 3rd period - Brian Boyle wins face-off versus Mike Richards in Ducks zone.
6:54 of 3rd period - Shot by Andrew Ladd.
6:54 of 3rd period - Shot Blocked by Dan Girardi.
7:14 of 3rd period - Shot by Petteri Wirtanen.
7:14 of 3rd period - Shot Misses the Net.
7:16 of 3rd period - Shot by Petteri Wirtanen.
7:16 of 3rd period - Shot Misses the Net.
7:18 of 3rd period - Shot by Adam Taylor.
7:18 of 3rd period - Stopped by Ray Emery with a rebound.
7:38 of 3rd period - Shot by Jiri Hudler.
7:38 of 3rd period - Goal by Jiri Hudler - Sharks : 3 - Ducks : 1.
7:39 of 3rd period - Brooks Laich wins face-off versus Marian Gaborik in neutral zone.
7:49 of 3rd period - Michael Frolik is hit by Bryan Allen and loses puck.
8:03 of 3rd period - Icing by Bryan Allen.
8:04 of 3rd period - Brooks Laich wins face-off versus Nathan MacKinnon in Ducks zone.
8:09 of 3rd period - Colton Parayko is hit by Bryan Allen and loses puck.
8:21 of 3rd period - Brooks Laich is hit by Colton Parayko and loses puck.
8:37 of 3rd period - Icing by Brooks Laich.
8:38 of 3rd period - Marian Gaborik wins face-off versus Brooks Laich in Ducks zone.
8:42 of 3rd period - James Neal is hit by Craig Weller and loses puck.
8:46 of 3rd period - Icing by Nick Spaling.
8:47 of 3rd period - Marian Gaborik wins face-off versus Brooks Laich in Ducks zone.
8:47 of 3rd period - Marian Gaborik is hit by Bryan Allen.
8:49 of 3rd period - Shot by Alec Martinez.
8:49 of 3rd period - Deflect By Marian Gaborik.
8:49 of 3rd period - Goal by Marian Gaborik - Sharks : 4 - Ducks : 1.
8:49 of 3rd period - Jonathan Boutin enters game.
8:50 of 3rd period - Marian Gaborik wins face-off versus Ryan Johansen in neutral zone.
9:05 of 3rd period - Icing by Raphael Diaz.
9:06 of 3rd period - Brian Boyle wins face-off versus Ryan Johansen in Ducks zone.
9:07 of 3rd period - Shot by Andrew Ladd.
9:07 of 3rd period - Stopped by Jonathan Boutin without a rebound.
9:08 of 3rd period - Petteri Wirtanen wins face-off versus Michael Frolik in Ducks zone.
9:10 of 3rd period - Icing by Raphael Diaz.
9:11 of 3rd period - Petteri Wirtanen wins face-off versus James Neal in Ducks zone.
9:11 of 3rd period - Petteri Wirtanen is hit by James Neal.
9:47 of 3rd period - Shot by Jiri Hudler.
9:47 of 3rd period - Stopped by Ray Emery without a rebound.
9:48 of 3rd period - Ryan Johansen wins face-off versus Brian Boyle in Sharks zone.
10:52 of 3rd period - Henrik Zetterberg is hit by Charles Linglet and loses puck.
12:19 of 3rd period - Icing by Keith Ballard.
12:20 of 3rd period - Marian Gaborik wins face-off versus Mike Richards in Sharks zone.
12:51 of 3rd period - Shot by Daniel Winnik.
12:51 of 3rd period - Shot Blocked by Christopher Tanev.
13:17 of 3rd period - Shot by Alec Martinez.
13:17 of 3rd period - Stopped by Jonathan Boutin without a rebound.
13:18 of 3rd period - Brooks Laich wins face-off versus Jakob Silfverberg in Ducks zone.
13:39 of 3rd period - Shot by Henrik Zetterberg.
13:39 of 3rd period - Stopped by Jonathan Boutin without a rebound.
13:40 of 3rd period - Petteri Wirtanen wins face-off versus Marian Gaborik in Ducks zone.
14:17 of 3rd period - Shot by Jiri Hudler.
14:17 of 3rd period - Shot Misses the Net.
14:19 of 3rd period - Shot by Adam Taylor.
14:19 of 3rd period - Shot Misses the Net.
14:52 of 3rd period - Seth Jones is hit by Bryan Allen and loses puck.
14:59 of 3rd period - Shot by Daniel Winnik.
14:59 of 3rd period - Stopped by Jonathan Boutin without a rebound.
15:00 of 3rd period - Nathan MacKinnon wins face-off versus Mike Richards in Ducks zone.
15:13 of 3rd period - Christopher Tanev is hit by Nathan MacKinnon.
15:17 of 3rd period - Shot by Henrik Zetterberg.
15:17 of 3rd period - Shot Misses the Net.
16:23 of 3rd period - Shot by Ryan Johansen.
16:23 of 3rd period - Stopped by Ray Emery without a rebound.
16:24 of 3rd period - Marian Gaborik wins face-off versus Brooks Laich in Sharks zone.
17:28 of 3rd period - Icing by Seth Jones.
17:29 of 3rd period - Mike Richards wins face-off versus Nathan MacKinnon in Sharks zone.
17:38 of 3rd period - Shot by Jakob Silfverberg.
17:38 of 3rd period - Shot Misses the Net.
17:50 of 3rd period - Shot by Henrik Zetterberg.
17:50 of 3rd period - Stopped by Jonathan Boutin with a rebound.
17:52 of 3rd period - Shot by Colton Parayko.
17:52 of 3rd period - Deflect By Henrik Zetterberg.
17:52 of 3rd period - Stopped by Jonathan Boutin with a rebound.
17:54 of 3rd period - Shot by Seth Jones.
17:54 of 3rd period - Shot Misses the Net.
17:56 of 3rd period - Shot by Colton Parayko.
17:56 of 3rd period - Deflect By Henrik Zetterberg.
17:56 of 3rd period - Shot Misses the Net.
17:58 of 3rd period - Shot by Nathan MacKinnon.
17:58 of 3rd period - Stopped by Jonathan Boutin with a rebound.
18:06 of 3rd period - Shot by Nathan MacKinnon.
18:06 of 3rd period - Shot Blocked by Mike Richards.
18:08 of 3rd period - Shot by Nathan MacKinnon.
18:08 of 3rd period - Stopped by Jonathan Boutin without a rebound.
18:09 of 3rd period - Adam Taylor wins face-off versus Brian Boyle in Ducks zone.
18:18 of 3rd period - Shot by Jiri Hudler.
18:18 of 3rd period - Shot Misses the Net.
18:26 of 3rd period - Shot by Petteri Wirtanen.
18:26 of 3rd period - Shot Hit the Post.
19:24 of 3rd period - Shot by Michael Frolik.
19:24 of 3rd period - Shot Misses the Net.
19:42 of 3rd period - Shot by James Neal.
19:42 of 3rd period - Deflect By Marian Gaborik.
19:42 of 3rd period - Shot Misses the Net.
19:44 of 3rd period - Shot by James Neal.
19:44 of 3rd period - Deflect By Marian Gaborik.
19:44 of 3rd period - Shot Misses the Net.
Goals for this period are 1 for Sharks vs 1 for Ducks.
Shots for this period are 16 for Sharks vs 5 for Ducks.